 Dungeon Crawl Stone Soup version 0.30-a0-782-ge64f9170bb (webtiles) character file.

Game seed: 14151352774460662256

81 Dirtsage the Slasher (level 4, -4/35 HPs)
             Began as a Demonspawn Fighter on Feb 27, 2023.
             Slain by Crazy Yiuf
             ... wielding a +3 quarterstaff of chaos
              (6 damage)
             ... on level 2 of the Dungeon.
             The game lasted 00:04:20 (1594 turns).

Dirtsage the Slasher (Demonspawn Fighter)           Turns: 1594, Time: 00:04:21

Health: -4/35      AC:  7    Str: 18    XL:     4   Next: 19%
Magic:  4/4        EV:  9    Int: 10    God:
Gold:   88         SH:  8    Dex: 12    Spells: 3/3 levels left

rFire   . . .      SeeInvis .    a - +0 long sword
rCold   + . .      Faith    .    c - +0 buckler
rNeg    . . .      Spirit   .    b - +0 scale mail
rPois   +          Reflect  .    r - +0 helmet
rElec   .          Harm     .    (no cloak)
rCorr   .          Rampage  .    (no gloves)
Will    .....                    (no boots) Stlth
                                 s - amulet of regeneration
HPRegen 1.05/turn                P - ring of poison resistance
MPRegen 0.09/turn                I - ring of protection from cold

@: no status effects
A: claws 1, condensation shield
a: no special abilities


You were on level 2 of the Dungeon.
You visited 1 branch of the dungeon, and saw 2 of its levels.

You collected 88 gold pieces.

Inventory:

Hand Weapons
 a - a +0 long sword (weapon)
Armour
 b - a +0 scale mail (worn)
 c - a +0 buckler (worn)
 r - a +0 helmet (worn)
Jewellery
 s - an amulet of regeneration (around neck)
 I - a ring of protection from cold (right claw)
 P - a ring of poison resistance (left claw)
Wands
 n - a wand of flame (25)
Scrolls
 e - a scroll of noise {unknown}
 h - a scroll of magic mapping {unknown}
 k - 3 scrolls of identify {unknown}
 l - a scroll of acquirement {unknown}
 o - a scroll of poison {unknown}
 q - a scroll of amnesia {unknown}
Potions
 d - a potion of might
 f - a potion of mutation {unknown}
 g - 2 potions of heal wounds {unknown}
 i - 2 potions of lignification {unknown}
 j - 2 potions of resistance {unknown}
 m - a potion of flight {unknown}
 p - a potion of ambrosia {unknown}


   Skills:
 - Level 3.0 Fighting
 - Level 3.2 Long Blades
 - Level 2.6 Armour
 - Level 2.6 Shields
 * Level 2.2 Unarmed Combat


You had 3 spell levels left.
You didn't know any spells.
Your spell library contained the following spells:

 Spells                   Type           Power      Damage    Failure   Level
 Slow                     Hex            0%         N/A       85%         1
 Confusing Touch          Hex            0%         N/A       99%         3
 Vampiric Draining        Necr           0%         2d6       99%         3
 Vhi's Electric Charge    Tloc/Air       0%         N/A       99%         3
 Arcjolt                  Conj/Air       0%         1d10      100%        5
 Maxwell's Capacitive Co  Air            0%         ∞         100%        8


Dungeon Overview and Level Annotations

Branches:
Dungeon (2/15)

Altars:

Annotations:
D:2 Crazy Yiuf


Innate Abilities, Weirdness & Mutations

You have sharp fingernails.
A meltable shield of frost defends you. (SH +4)


Message History

You continue putting on your amulet of regeneration. x5
You finish putting on your amulet of regeneration.
The amulet throbs as it attunes itself to your uninjured body.
s - an amulet of regeneration (around neck)
Things that are here:
a +0 dagger; a goblin corpse
Things that are here:
a +0 whip; 3 stones
There is a stone staircase leading up here.
You see here a hobgoblin corpse.
Crazy Yiuf shouts!
Crazy Yiuf laughs, "Action!"
You open the door. You hit Crazy Yiuf.
Crazy Yiuf is lightly wounded.
Crazy Yiuf hits you with a +3 quarterstaff of chaos.
You resist with some effort.
You take 3 damage, and have 32/35 hp.
You closely miss Crazy Yiuf.
Crazy Yiuf is lightly wounded.
You block Crazy Yiuf's attack.
You hit Crazy Yiuf but do no damage.
Crazy Yiuf is lightly wounded.
Crazy Yiuf barely misses you.
Crazy Yiuf hits you with a +3 quarterstaff of chaos.
You are electrocuted!
You take 14 damage, and have 19/35 hp.
MASSIVE DAMAGE!!
You hit Crazy Yiuf.
Crazy Yiuf is moderately wounded.
Crazy Yiuf hits you with a +3 quarterstaff of chaos!
* * * LOW HITPOINT WARNING * * *
Crazy Yiuf freezes you.
* * * LOW HITPOINT WARNING * * *
You take 18 damage, and have 1/35 hp.
MASSIVE DAMAGE!!
Okay, then.
Okay, then.
You barely miss Crazy Yiuf.
Crazy Yiuf is moderately wounded.
Crazy Yiuf hits you with a +3 quarterstaff of chaos.
You die...

#...##).######...######.#
###.#..###########.## #..
#...##..........##..# ##.
#.#################.#######
#.# #......... ##.#
#......... #..#### ###
#......... #..#..## ###..)#
#.....>...
#......####@g...#
#.........
##......#..##...#
#......... ###...#.### ###
#......... #######
#......... #..^.....<
##########


You could see Crazy Yiuf.

Vanquished Creatures
  Natasha (D:1)
  Robin (D:2)
  An adder (D:2)
  A dart slug (D:2)
  2 endoplasms (D:2)
  3 giant cockroaches (D:2)
  6 goblins (D:2)
  4 hobgoblins (D:2)
  A kobold (D:2)
  6 ball pythons
  2 bats
  4 rats
32 creatures vanquished.

Notes
Turn   | Place    | Note
-------+----------+-------------------------------------------
     0 | D:1      | Dirtsage the Demonspawn Fighter began the quest for the
                  | Orb.
     0 | D:1      | Reached XP level 1. HP: 18/18 MP: 1/1
   765 | D:2      | Noticed Natasha
   768 | D:2      | Noticed a crimson imp
   775 | D:1      | Noticed a crimson imp
   776 | D:1      | Killed Natasha
   777 | D:1      | Gained mutation: You have sharp fingernails. [demonic
                  | ancestry]
   777 | D:1      | Reached XP level 2. HP: 19/24 MP: 2/2
   777 | D:1      | Reached XP level 3. HP: 23/29 MP: 3/3
   882 | D:2      | Reached skill level 1 in Unarmed Combat
  1045 | D:2      | Noticed Robin
  1072 | D:2      | Killed Robin
  1073 | D:2      | Gained mutation: A meltable shield of frost defends you.
                  | (SH +4) [demonic ancestry]
  1073 | D:2      | Reached XP level 4. HP: 9/35 MP: 0/4
  1414 | D:2      | Found a runed translucent door.
  1415 | D:2      | Noticed Crazy Yiuf
  1593 | D:2      | HP: 1/35 [Crazy Yiuf/+3 quarterstaff of chaos (3)]
  1594 | D:2      | Slain by Crazy Yiuf

Illustrated notes

Levels and vault maps discovered:
D:1:      wander_arrival_lonely_grave, layout_loops_corners
D:2:      layout_rooms, uniq_natasha, uniq_crazy_yiuf_cottage, uniq_robin

Skill      XL: |  1  2  3 |
---------------+----------+-----
Long Blades    | 3 |  3.2
Unarmed Combat | 2 |  2.2
Fighting       | |  3.0
Armour         | |  2.6
Shields        | |  2.6

Action                     |  1- 3 |  4- 6 || total
---------------------------+-------+-------++-------
  Melee: Long sword        |    68 |    23 ||    91
    Use: Potion            |     1 |       ||     1
 Armour: Scale mail        |    45 |     5 ||    50
  Dodge: Dodged            |    30 |    10 ||    40
  Block: Buckler           |    19 |     9 ||    28

Table legend: (Time is in decaauts)
 A = Elapsed time spent in this place.
 B = Non-inter-level travel time spent in this place.
 C = Inter-level travel time spent in this place.
 D = Time resting spent in this place.
 E = Time spent auto-exploring this place.
 F = Levels seen in this place.
 G = Mean time per level.
                   A        B        C        D        E       F      G
               +--------+--------+--------+--------+--------+-----+--------+
         Total |   1626 |   1587 |     39 |      0 |   1369 |   2 |  813.0 |
       Dungeon |   1626 |   1587 |     39 |      0 |   1369 |   2 |  813.0 |
               +--------+--------+--------+--------+--------+-----+--------+

Top non-repeatable levels by time:
     D:1: 833 daAuts
     D:2: 793 daAuts
